 Dungeon Crawl Stone Soup version 0.19.0-9-gfd783f2 (webtiles) character file.

121 KrixSyzygy the Chopper (level 4, 0/66 HPs)
             Began as a Troll Berserker on Nov 7, 2016.
             Was a Believer of Trog.
             Slain by a gnoll
             ... wielding a +0 whip
              (10 damage)
             ... on level 2 of the Dungeon.
             The game lasted 00:10:47 (1510 turns).

KrixSyzygy the Chopper (Troll Berserker)            Turns: 1510, Time: 00:10:48

Health: 0/66       AC:  5    Str: 31    XL:     4   Next: 77%
Magic:  3/3        EV: 10    Int:  3    God:    Trog [**....]
Gold:   50         SH:  0    Dex:  9    Spells: 0 memorised, 3 levels left

rFire  . . .     SeeInvis .     a - +0 hand axe
rCold  . . .     Gourm    +     b - +0 animal skin
rNeg   . . .     Faith    .     (no shield)
rPois  .         Spirit   .     (helmet restricted)
rElec  .         Reflect  .     (no cloak)
rCorr  .         Harm     .     (gloves unavailable)
MR     .....                    (boots unavailable)
Stlth  ..........               (no amulet)
                                (no ring)
                                (no ring)

@: berserking, very quick
A: unfitting armour, claws 3, fast metabolism 3, gourmand, regeneration 1,
shaggy fur 1, tough skin 2
a: Berserk, Trog's Hand, Burn Spellbooks, Renounce Religion


You were on level 2 of the Dungeon.
You worshipped Trog.
Trog was pleased with you.
You were not hungry.

You visited 1 branch of the dungeon, and saw 2 of its levels.

You collected 50 gold pieces.

Inventory:

Hand Weapons
 a - a +0 hand axe (weapon)
Armour
 b - a +0 animal skin (worn)
Jewellery
 d - an uncursed ring of protection from cold {unknown}
Scrolls
 j - a scroll of immolation {unknown}
 l - a scroll of magic mapping
 n - a scroll of enchant armour {unknown}
 p - a scroll of identify {unknown}
 q - a scroll of remove curse
Potions
 e - a potion of magic {unknown}
 g - a potion of beneficial mutation {unknown}
 h - a potion of cure mutation {unknown}
 i - a potion of resistance
 k - 2 potions of berserk rage {unknown}
 m - a potion of agility {unknown}
 o - a potion of lignification {unknown}
Comestibles
 c - 2 bread rations
 f - 2 meat rations


   Skills:
 + Level 2.8 Fighting
 + Level 3.6 Axes
 + Level 3.2 Dodging
 + Level 0.2 Stealth


You had 3 spell levels left.
You didn't know any spells.

Dungeon Overview and Level Annotations

Branches:
Dungeon (2/15)

Altars:
Elyvilon
Qazlal


Innate Abilities, Weirdness & Mutations

You are too large for most types of armour.
You have claws for hands.
Your metabolism is lightning-fast.
You like to eat raw meat.
Your natural rate of healing is unusually fast.
You are covered in fur. (AC +1)
You have very tough skin. (AC +2)


Message History

The gnoll hits you with a flail!
* * * LOW HITPOINT WARNING * * *
You slash the gnoll!
You kill the gnoll!
Trog accepts your kill.
A red film seems to cover your vision as you go berserk!
You feel yourself moving faster!
You feel mighty!
You feel a lot more hungry. The gnoll hits you with a club.
* * * LOW HITPOINT WARNING * * *
You slash the gnoll!
The gnoll is severely wounded.
The gnoll misses you.
You slash the gnoll!
You kill the gnoll!
Trog accepts your kill.
You barely miss the gnoll. You completely miss the gnoll.
The gnoll hits you with a whip.
* * * LOW HITPOINT WARNING * * *
You completely miss the gnoll. The gnoll hits you with a whip!
You die...

####(.........#.......#
.....(........#.......#
###...........#.......#
#.#..)<.....#.......#
#.#.........#......$#
#......######..>....#
######.# #.......##..
#.########g.........
#.##.....@##.......# .
..+......##.......# #?#
.##......##.......# ...
#......+........# ..
#......########.# .###
##...... .. ...#.
#.####. ....# ...... ..
. #...###### ...... ##
#.........


You could see a gnoll.

Vanquished Creatures
  Robin (D:2)
  2 gnolls (D:2)
  2 adders (D:2)
  An ooze (D:1)
  2 worms (D:2)
  A dart slug (D:2)
  A ball python (D:2)
  3 bats
  A giant cockroach (D:2)
  11 goblins
  9 hobgoblins
  11 jackals
  4 frilled lizards
  3 kobolds
  8 rats
60 creatures vanquished.

Notes
Turn   | Place    | Note
-------+----------+-------------------------------------------
     0 | D:1      | KrixSyzygy the Troll Berserker began the quest for the Orb.
     0 | D:1      | Reached XP level 1. HP: 22/22 MP: 0/0
   159 | D:1      | Reached XP level 2. HP: 29/29 MP: 1/1
   773 | D:1      | Reached XP level 3. HP: 35/36 MP: 2/2
   807 | D:1      | Reached ** piety under Trog
   835 | D:2      | Noticed Robin
   961 | D:2      | Killed Robin
  1042 | D:2      | Found a white marble altar of Elyvilon.
  1069 | D:2      | Reached XP level 4. HP: 34/44 MP: 3/3
  1132 | D:2      | Found a stormy altar of Qazlal.
  1510 | D:2      | Slain by a gnoll

Skill      XL: |  1  2  3 |
---------------+----------+-----
Axes           | 3 |  3.6
Dodging        | 3 |  3.2
Fighting       | |  2.8
Stealth        | |  0.2

Action                   |  1- 3 |  4- 6 || total
-------------------------+-------+-------++-------
Melee: Hand axe          |   121 |    65 ||   186
Invok: Berserk           |     2 |     1 ||     3
  Use: Scroll            |     4 |       ||     4
       Potion            |     1 |       ||     1
  Eat: Chunk             |    14 |     2 ||    16
Armor: Animal skin       |    63 |    23 ||    86
Dodge: Dodged            |    83 |    31 ||   114
